 Dungeon Crawl Stone Soup version 0.20-a0-909-g1a4ba80 (console) character file.

74608 pagos the Severer (level 15, -2/125 HPs)
             Began as a Minotaur Gladiator on Mar 22, 2017.
             Was the Champion of Okawaru.
             Slain by an orc high priest
             ... wielding a +0 glaive
              (10 damage)
             ... on level 2 of the Orcish Mines on Mar 23, 2017.
             The game lasted 01:44:42 (18135 turns).

pagos the Severer (Minotaur Gladiator)             Turns: 18135, Time: 01:44:43

Health: -2/125     AC: 26    Str: 24    XL:     15   Next: 7%
Magic:  0/20       EV:  9    Int:  8    God:    Okawaru [******]
Gold:   1512       SH:  4    Dex: 15    Spells: 11/22 levels left

rFire    + . .     SeeInvis .   m - +8 exec axe {protect, MR++ Dex+2}
rCold    . . .     Gourm    .   I - +0 plate armour {rPois}
rNeg     + . .     Faith    .   (shield currently unavailable)
rPois    +         Spirit   +   S - +0 hat {Int+3}
rElec    .         Reflect  .   U - +0 cloak
rCorr    .         Harm     .   v - +0 pair of gloves
MR       +++..                  X - +1 pair of boots
Stlth    ..........             g - amulet of guardian spirit
Regen    0.3/turn               d - ring of positive energy
MPRegen  0.2/turn               O - ring "Tentok" {+Fly rPois}

@: protection aura
A: retaliatory headbutt, horns 2, large bone plates 1, fire resistance 1
a: Heroism, Finesse, Renounce Religion, Evoke Flight


You were on level 2 of the Orcish Mines.
You worshipped Okawaru.
Okawaru was exalted by your worship.
You were not hungry.

You visited 4 branches of the dungeon, and saw 21 of its levels.
You also visited: Sewer.

You collected 1857 gold pieces.
You spent 345 gold pieces at shops.

Inventory:

Hand Weapons
 a - a +0 quarterstaff
 m - the +8 executioner's axe "Huimymar" (weapon) {protect, MR++ Dex+2}
   (Okawaru gifted it to you on level 6 of the Lair of Beasts)

   It protects the one who uses it against injury (+AC on strike).
   It affects your dexterity (+2).
   It affects your resistance to hostile enchantments.
Missiles
 s - 2 tomahawks of returning (quivered)
Armour
 v - a +0 pair of gloves (worn)
 I - a +0 plate armour of poison resistance (worn)
 S - a +0 hat of intelligence (worn)
 U - a +0 cloak (worn)
 X - a +1 pair of boots (worn)
Jewellery
 d - a ring of positive energy (right hand)
 g - an amulet of guardian spirit (around neck)
 O - the ring "Tentok" (left hand) {+Fly rPois}
   (You bought it in a shop on level 2 of the Orcish Mines)

   [ring of poison resistance]

   It protects you from poison.
   It lets you fly.
 Y - an uncursed ring of protection from cold
Wands
 u - a wand of confusion (27/48)
 z - a wand of lightning (10/15)
 H - a wand of polymorph (6/24)
 P - a wand of flame (21/48)
 R - a wand of lightning (5/15)
Scrolls
 b - a scroll of holy word {unknown}
 e - 4 scrolls of magic mapping
 k - 6 scrolls of enchant weapon
 l - 3 scrolls of blinking
 n - 3 scrolls of fog
 o - a scroll of random uselessness {unknown}
 q - 7 scrolls of identify
 r - 5 scrolls of remove curse
 t - 2 scrolls of vulnerability {unknown}
 y - a scroll of silence {unknown}
 G - a scroll of amnesia
 J - 4 scrolls of fear
 L - 3 scrolls of recharging
 M - 5 scrolls of teleportation
 N - a scroll of torment {unknown}
 W - a scroll of brand weapon {unknown}
 Z - a scroll of enchant armour {unknown}
Potions
 h - 6 potions of brilliance
 w - a potion of cancellation {unknown}
 x - 3 potions of flight
 A - 3 potions of might
 D - a potion of resistance
 E - 2 potions of ambrosia {unknown}
 F - 4 potions of haste
 K - 2 potions of magic {unknown}
 Q - a potion of lignification {unknown}
Books
 c - a book of the Dragon

   Spells                             Type                      Level
   a - Flame Tongue                   Conjuration/Fire             1
   b - Cause Fear                     Hexes                        4
   c - Bolt of Fire                   Conjuration/Fire             6
   d - Dragon Form                    Transmutation                7
   e - Dragon's Call                  Summoning                    9
 T - a book of Flames

   Spells                             Type                      Level
   a - Flame Tongue                   Conjuration/Fire             1
   b - Throw Flame                    Conjuration/Fire             2
   c - Conjure Flame                  Conjuration/Fire             3
   d - Inner Flame                    Hexes/Fire                   3
   e - Sticky Flame                   Conjuration/Fire             4
   f - Fireball                       Conjuration/Fire             5
Comestibles
 f - 11 bread rations
 j - 13 royal jellies
 B - 17 fruits
 C - 7 meat rations
 V - a chunk of flesh


   Skills:
 - Level 9.4 Fighting
 * Level 18.8 Axes
 - Level 14.1 Staves
 - Level 8.6 Throwing
 - Level 8.7 Armour
 - Level 3.2 Dodging
 - Level 0.1 Stealth
 - Level 4.4 Spellcasting
 - Level 3.5 Conjurations
 - Level 3.8 Fire Magic
 + Level 1.6 Invocations
 - Level 5.4 Evocations


You had 11 spell levels left.
You knew the following spells:

 Your Spells              Type           Power        Failure   Level  Hunger
a - Conjure Flame         Conj/Fire      #.......     99%         3    ###....
b - Flame Tongue          Conj/Fire      #....        82%         1    #......
c - Dragon Form           Tmut           #.........   100%        7    #######


Dungeon Overview and Level Annotations

Branches:
Dungeon (12/15)            Temple (1/1) D:5            Lair (6/6) D:9
  Swamp (0/4) Lair:4        Snake (0/4) Lair:3        Slime (0/5) Lair:5
    Orc (2/2) D:12            Elf (0/3) Orc:2

Altars:
Cheibriados
Elyvilon
Fedhas
Gozag
Hepliaklqana
Kikubaaqudgha
Makhleb
Nemelex Xobeh
Okawaru
Qazlal
Ru
Sif Muna
Trog
Vehumet
Wu Jian
Xom
Yredelemnul
The Shining One

Shops:
D:6 [((=?   D:9 =*}!   Orc:2 %*


Innate Abilities, Weirdness & Mutations

You reflexively headbutt those who attack you in melee.
You have a pair of horns on your head.
You are partially covered in large bone plates. (SH +4)
Your flesh is heat resistant. (rF+)


Message History

You hit the orc knight but do no damage.
The orc knight hits you with a glaive.
* * * LOW HITPOINT WARNING * * *
You slash the orc knight!
The orc knight is moderately wounded.
The orc high priest hits you from afar with a glaive.
* * * LOW HITPOINT WARNING * * *
An orc warrior comes into view. It is wielding a long sword.
The orc knight hits you from afar with a glaive!
* * * LOW HITPOINT WARNING * * *
You feel better.
The orc high priest no longer looks unusually strong.
The orc high priest calls down the wrath of Beogh upon you.
Beogh smites you!
* * * LOW HITPOINT WARNING * * *
The orc knight roars a battlecry!
The orc high priest goes into a battle-frenzy!
You feel better.
The orc high priest hits you from afar with a glaive!
You die...

..$$.............. #.
............#.#..## ##.
...........#......# ##..
.$...............# #...
..........)......# ####..
.........))))....#####.#...
........))))......##.......
.......(o))).......#.......
......()o.@..#............#
....((.[o/.)[#.#........###
####[((#######..........##
#.(... #.#.#.......##
#..#.o. ##...#.>.....#
#...... ##.##.......#
..o#o.. ######...... ......
#...... ##.....


You could see an orc knight, an orc high priest and an orc warrior.

Vanquished Creatures
  An ettin (D:12)
  Snorg (D:12)
  Josephine (D:11)
  Erolcha (D:11)
  4 hydras
  3 catoblepae (Lair:6)
  The ghost of murtidash the Cleaver, a journeyman DsCK of Xom (D:11)
  8 death yaks (Lair:6)
  10 two-headed ogres
  2 orc high priests (Orc:2)
  A deep troll earth mage (D:12)
  A fire crab (Lair:6)
  An unseen horror (D:11)
  A flayed ghost (D:12)
  An orc sorcerer (Orc:2)
  An orc knight (Orc:2)
  2 ugly things
  2 wolf spiders (Lair:1)
  A cyclops (Orc:2)
  11 elephants
  3 manticores
  2 gargoyles
  4 black mambas
  2 torpor snails (Lair:6)
  7 spiny frogs
  10 rime drakes
  9 komodo dragons
  A troll (D:10)
  2 polar bears (Lair:6)
  13 hippogriffs
  9 dream sheep (Lair:6)
  17 blink frogs
  3 shadows
  6 wyverns (Lair:5)
  A human (D:8)
  5 wraiths (D:11)
  9 basilisks
  56 yaks
  4 hogs (D:8)
  3 hungry ghosts
  A steam dragon (D:11)
  2 insubstantial wisps (D:11)
  3 wargs
  An acid dragon (D:11)
  5 water moccasins
  A two-headed ogre zombie (D:11)
  10 porcupines
  A black bear (D:11)
  2 ice beasts (D:11)
  A necrophage (D:5)
  21 orc warriors
  5 sky beasts
  2 phantoms (D:8)
  22 ogres
  9 wolves
  A big kobold (D:11)
  5 centaurs
  11 crocodiles
  15 bullfrogs
  15 wights
  5 scorpions
  8 killer bees (D:9)
  An electric eel (Lair:4)
  A howler monkey (D:11)
  7 crimson imps
  4 bullfrog zombies
  A centaur zombie (D:9)
  A hound (D:8)
  15 jellies
  19 orc wizards
  33 orc priests
  A bullfrog skeleton (D:9)
  4 iguanas
  Ijyb (D:2)
  Terence (D:3)
  A centaur skeleton (D:8)
  Natasha (D:4)
  9 worker ants
  Robin (D:3)
  3 gnolls (D:3)
  27 adders
  4 river rats (Sewer)
  6 shadow imps
  3 oozes
  An adder zombie (D:7)
  4 adder skeletons
  6 worms
  4 leopard geckos
  80 orcs
  8 bats
  9 giant cockroaches
  10 goblins
  3 hobgoblins
  5 jackals
  8 quokkas
  10 ball pythons
  6 frilled lizards
  A jackal skeleton (D:5)
  9 kobolds
  2 leopard gecko skeletons
  A quokka zombie (D:8)
  33 rats
  A fungus (Lair:1)
  A plant (D:6)
712 creatures vanquished.

Vanquished Creatures (others)
  15 fungi
  5 plants
20 creatures vanquished.

Grand Total: 732 creatures vanquished

Notes
Turn   | Place    | Note
-------+----------+-------------------------------------------
     0 | D:1      | pagos the Minotaur Gladiator began the quest for the Orb.
     0 | D:1      | Reached XP level 1. HP: 18/18 MP: 0/0
    88 | D:1      | Reached XP level 2. HP: 15/25 MP: 1/1
   751 | D:2      | Noticed Ijyb
   760 | D:2      | Killed Ijyb
   760 | D:2      | Reached skill level 5 in Staves
   760 | D:2      | Reached skill level 1 in Armour
   760 | D:2      | Reached XP level 3. HP: 23/30 MP: 2/2
   906 | D:2      | You fall through a shaft for 2 floors!
   924 | D:3      | Noticed Terence
   929 | D:3      | Reached XP level 4. HP: 25/37 MP: 3/3
   929 | D:3      | Killed Terence
   955 | D:3      | Noticed Robin
   972 | D:3      | Killed Robin
  1032 | D:3      | Reached XP level 5. HP: 19/42 MP: 2/4
  1737 | D:3      | Reached XP level 6. HP: 50/50 MP: 5/5
  2176 | D:4      | Found an opulent altar of Gozag.
  2259 | D:4      | Noticed Natasha
  2271 | D:4      | Killed Natasha
  2398 | D:5      | Entered Level 5 of the Dungeon
  2638 | D:5      | Reached skill level 1 in Axes
  2694 | D:5      | Noticed a sky beast
  2708 | D:5      | Killed a sky beast
  2708 | D:5      | Reached skill level 2 in Axes
  2708 | D:5      | Reached XP level 7. HP: 32/56 MP: 3/6
  2758 | D:5      | Found a staircase to the Ecumenical Temple.
  2764 | D:5      | Reached skill level 4 in Axes
  2787 | D:5      | Got a slimy hat
  2806 | D:5      | Identified the cursed +0 hat of Mezcal {+Fly Int+4 Dex-5} (You found it on level 5 of the Dungeon)
  2807 | D:5      | Reached skill level 5 in Axes
  3043 | D:5      | Reached skill level 6 in Axes
  3267 | D:5      | Reached skill level 7 in Axes
  3267 | D:5      | Reached XP level 8. HP: 47/61 MP: 5/7
  3313 | Temple   | Entered the Ecumenical Temple
  3323 | Temple   | Became a worshipper of Warmaster Okawaru
  3422 | D:6      | Found Zuitiasicu's Weapon Shop.
  3429 | D:6      | Found Qybain's Weapon Shoppe.
  3464 | D:6      | Found Itoruc's Jewellery Boutique.
  3619 | D:6      | Gained mutation: Your magical capacity is low. (-10% MP) [potion of mutation]
  3619 | D:6      | Lost mutation: Your magical capacity is low. (-10% MP) [potion of mutation]
  3619 | D:6      | Gained mutation: You are robust. (+10% HP) [potion of mutation]
  3619 | D:6      | Gained mutation: You are partially covered in slimy green scales. (AC +2) [potion of mutation]
  3620 | D:6      | Lost mutation: You are partially covered in slimy green scales. (AC +2) [potion of mutation]
  3620 | D:6      | Lost mutation: You are robust. (+10% HP) [potion of mutation]
  3620 | D:6      | Gained mutation: You occasionally shout uncontrollably at your foes. [potion of mutation]
  3620 | D:6      | Gained mutation: Your magical capacity is low. (-10% MP) [potion of mutation]
  3620 | D:6      | Gained mutation: Your flesh is cold resistant. (rC+) [potion of mutation]
  3639 | D:6      | Lost mutation: Your magical capacity is low. (-10% MP) [potion of mutation]
  3639 | D:6      | Lost mutation: You occasionally shout uncontrollably at your foes. [potion of mutation]
  3639 | D:6      | Lost mutation: Your flesh is cold resistant. (rC+) [potion of mutation]
  3639 | D:6      | Gained mutation: You have a pair of large horns on your head. [potion of mutation]
  3639 | D:6      | Gained mutation: Your magical capacity is low. (-10% MP) [potion of mutation]
  3639 | D:6      | Gained mutation: Your muscles are strong. (Str +2) [potion of mutation]
  3639 | D:6      | Gained mutation: Your mind is acute. (Int +2) [potion of mutation]
  3640 | D:6      | Lost mutation: Your magical capacity is low. (-10% MP) [potion of mutation]
  3640 | D:6      | Lost mutation: Your muscles are strong. (Str +2) [potion of mutation]
  3640 | D:6      | Lost mutation: You have a pair of large horns on your head. [potion of mutation]
  3640 | D:6      | Lost mutation: Your mind is acute. (Int +2) [potion of mutation]
  3640 | D:6      | Gained mutation: You are partially covered in large bone plates. (SH +4) [potion of mutation]
  3640 | D:6      | Gained mutation: Your flesh is heat resistant. (rF+) [potion of mutation]
  3686 | D:6      | Reached skill level 8 in Axes
  3705 | D:6      | Found Xuybau's Antique Armour Shoppe.
  3857 | D:6      | Found a glowing drain.
  3871 | Sewer    | Entered a sewer
  4005 | Sewer    | Reached skill level 9 in Axes
  4152 | D:6      | Reached * piety under Okawaru
  4471 | D:6      | Found Iceu's Magic Scroll Shop.
  4481 | D:6      | Reached skill level 10 in Axes
  4491 | D:6      | Bought a scroll of enchant weapon for 75 gold pieces
  4591 | D:6      | Reached XP level 9. HP: 48/70 MP: 6/8
  4836 | D:7      | Reached skill level 5 in Fighting
  5058 | D:7      | Reached skill level 11 in Axes
  5254 | D:8      | Learned a level 3 spell: Conjure Flame
  5304 | D:8      | Reached ** piety under Okawaru
  5307 | D:8      | Reached skill level 1 in Fire Magic
  5410 | D:8      | Noticed a two-headed ogre
  5415 | D:8      | Killed a two-headed ogre
  5415 | D:8      | Reached *** piety under Okawaru
  5415 | D:8      | Reached skill level 12 in Axes
  5415 | D:8      | Reached XP level 10. HP: 58/83 MP: 7/9
  5722 | D:8      | Found an ancient bone altar of Kikubaaqudgha.
  5828 | D:9      | Noticed a two-headed ogre
  5834 | D:9      | Killed a two-headed ogre
  5896 | D:9      | Found Efremat's Jewellery Boutique.
  5920 | D:9      | Found Dakesihu's General Store.
  5929 | D:9      | Found Wiocef's Gadget Boutique.
  5997 | D:9      | Found Doeteokh's Distillery.
  6336 | D:9      | Found a staircase to the Lair.
  6344 | D:9      | Reached **** piety under Okawaru
  6344 | D:9      | Reached skill level 13 in Axes
  6350 | D:9      | Reached skill level 10 in Staves
  6699 | D:10     | Entered Level 10 of the Dungeon
  6765 | D:10     | Received a gift from Okawaru
  6852 | D:10     | Reached skill level 5 in Armour
  6893 | D:10     | Noticed a two-headed ogre
  6899 | D:10     | Killed a two-headed ogre
  6899 | D:10     | Reached XP level 11. HP: 54/93 MP: 6/10
  7062 | D:10     | Reached ***** piety under Okawaru
  7318 | D:10     | Upgraded the game from 0.20-a0-903-g7e3609c to 0.20-a0-909-g1a4ba80
  7503 | D:11     | Noticed Josephine
  7519 | D:11     | Killed Josephine
  7519 | D:11     | Reached skill level 1 in Evocations
  7551 | D:11     | Received a gift from Okawaru
  7678 | D:11     | Killed an unseen horror
  7688 | D:11     | Noticed murtidash's ghost (journeyman DsCK)
  7740 | D:11     | Noticed a red ugly thing
  7751 | D:11     | Killed a green ugly thing
  7996 | D:11     | Killed murtidash's ghost
  7996 | D:11     | Received a gift from Okawaru
  7996 | D:11     | Reached skill level 1 in Spellcasting
  8229 | D:11     | Noticed a two-headed ogre
  8229 | D:11     | Noticed a two-headed ogre
  8231 | D:11     | Noticed a two-headed ogre
  8239 | D:11     | Killed a two-headed ogre
  8242 | D:11     | Killed a two-headed ogre
  8243 | D:11     | Received a gift from Okawaru
  8247 | D:11     | Killed a two-headed ogre
  8247 | D:11     | Reached XP level 12. HP: 62/105 MP: 12/16
  8282 | D:11     | Noticed a two-headed ogre
  8282 | D:11     | Noticed a two-headed ogre
  8283 | D:11     | Noticed Erolcha
  8284 | D:11     | Noticed a two-headed ogre
  8295 | D:11     | Killed a two-headed ogre
  8305 | D:11     | Killed a two-headed ogre
  8307 | D:11     | Killed Erolcha
  8310 | D:11     | Killed a two-headed ogre
  8941 | Lair:1   | Entered Level 1 of the Lair of Beasts
  9684 | Lair:1   | Reached skill level 14 in Axes
 10238 | Lair:2   | Received a gift from Okawaru
 10288 | Lair:2   | Reached skill level 5 in Evocations
 10625 | Lair:2   | Reached XP level 13. HP: 111/111 MP: 18/18
 11020 | Lair:3   | Found a staircase to the Snake Pit.
 11944 | Lair:3   | Learned a level 1 spell: Flame Tongue
 11956 | Lair:3   | Learned a level 7 spell: Dragon Form
 12484 | Lair:4   | Found a staircase to the Swamp.
 13249 | Lair:4   | Reached skill level 5 in Throwing
 13569 | Lair:5   | Reached skill level 1 in Conjurations
 13597 | Lair:5   | Received a gift from Okawaru
 13650 | Lair:5   | Found a staircase to the Slime Pits.
 13731 | Lair:5   | Received a gift from Okawaru
 13953 | Lair:5   | Reached ****** piety under Okawaru
 14334 | Lair:6   | Entered Level 6 of the Lair of Beasts
 14348 | Lair:6   | Received a gift from Okawaru
 14369 | Lair:6   | Got a twisted executioner's axe {god gift}
 14370 | Lair:6   | Identified the +8 executioner's axe "Huimymar" {protect, MR++ Dex+2} (Okawaru gifted it to you on level 6 of the Lair of Beasts)
 14389 | Lair:6   | Reached XP level 14. HP: 42/118 MP: 8/19
 14742 | Lair:6   | Reached skill level 15 in Axes
 14957 | Lair:6   | Received a gift from Okawaru
 15058 | Lair:6   | Reached skill level 16 in Axes
 15499 | Lair:6   | Reached skill level 17 in Axes
 16105 | Lair:6   | Received a gift from Okawaru
 16601 | D:12     | Reached skill level 18 in Axes
 16618 | D:12     | Noticed Snorg
 16624 | D:12     | Killed Snorg
 16841 | D:12     | Found a runed door.
 16967 | D:12     | Found a staircase to the Orcish Mines.
 17176 | Orc:1    | Entered Level 1 of the Orcish Mines
 17407 | Orc:2    | Entered Level 2 of the Orcish Mines
 17514 | Orc:2    | Found a staircase to the Elven Halls.
 17776 | Orc:2    | Found Ateematz's Assorted Antiques.
 17785 | Orc:2    | Bought a scroll labeled IFIRUM ISOACAX for 24 gold pieces
 17785 | Orc:2    | Bought a wavering granite ring for 120 gold pieces
 17785 | Orc:2    | Bought a potion of curing for 72 gold pieces
 17786 | Orc:2    | Identified the ring "Tentok" {+Fly rPois} (You bought it in a shop on level 2 of the Orcish Mines)
 17795 | Orc:2    | Found Zujiptile's Food Emporium.
 17804 | Orc:2    | Bought 2 fruits for 36 gold pieces
 17804 | Orc:2    | Bought a fruit for 18 gold pieces
 17857 | Orc:2    | Reached XP level 15. HP: 51/125 MP: 7/20
 17897 | Orc:2    | Reached skill level 1 in Invocations
 18133 | Orc:2    | HP: 4/125 [orc knight/glaive (5)]
 18135 | Orc:2    | Slain by an orc high priest

Vault maps used:
D:1:      minmay_arrival_semitransparent, minmay_misc_feat_roman
D:2:      chequers_ecumenical_altar_island, uniq_iyjb
D:3:      uniq_terence, uniq_robin
D:4:      first_bread, grunt_gozag_statues, uniq_natasha
D:5:      minmay_temple_entry_large_hall, dk_rats_in_the_wall
D:6:      serial_shops, nicolae_shop_statue_plus, shop, nicolae_shop_trees,
          nicolae_shop_overgrown_old_shop, nicolae_shop_crystal,
          portal_sewer_entry_b
D:8:      lemuel_crystal_altar, grunt_livestock
D:9:      erik_lair_orcish_takeover, serial_shops, nicolae_shop_window_shopping,
          kennysheep_little_box, shop_fountains, shop
D:11:     lemuel_ogre_cave, hangedman_misty_isle, uniq_josephine
D:12:     hiddenorc1_lemuel, kennysheep_treasure_room, uniq_snorg
Temple:   dpeg_three_leaves_temple
Lair:1:   minmay_lair_venomous_thicket
Lair:2:   grunt_megastairs_2
Lair:3:   dummy_snake_entry, minivault_19
Lair:4:   swamp_mist_pool
Lair:5:   minmay_slime_entry_jelly_boxes
Lair:6:   evilmike_catoblepas_cave, lemuel_fruit_tree
Orc:1:    uniq_nergalle
Orc:2:    st_orc_pillars, serial_shops, nicolae_shop_overgrown_old_shop,
          nicolae_shop_overgrown_old_shop, shop
Sewer:    sewer_minmay_w

Skill      XL: |  1  2  3  4  5  6  7  8  9 10 11 12 13 14 15 |
---------------+----------------------------------------------+-----
Staves         | 4 5 6 8 9 10 11 13 14 | 14.1
Armour         | 1 2 3 4 5 8 |  8.7
Axes           | 2 7 10 12 13 14 18 | 18.8
Fighting       | 4 6 8 9 |  9.4
Fire Magic     | 1 3 |  3.8
Evocations     | 3 5 |  5.4
Spellcasting   | 3 4 |  4.4
Throwing       | 8 |  8.6
Conjurations   | 3 |  3.5
Invocations    | 1 |  1.6
Dodging        | |  3.2
Stealth        | |  0.1

Action                   |  1- 3 |  4- 6 |  7- 9 | 10-12 | 13-15 || total
-------------------------+-------+-------+-------+-------+-------++-------
Melee: Quarterstaff      |    60 |   146 |       |    16 |   198 ||   420
       Headbutt          |    10 |    24 |    24 |   128 |   155 ||   341
       War axe           |       |    19 |   204 |   578 |   176 ||   977
       Unarmed           |       |       |     3 |       |       ||     3
       Executioner's axe |       |       |       |       |   347 ||   347
Throw: Tomahawk          |       |       |       |    12 |    13 ||    25
       Javelin           |       |       |       |     5 |    14 ||    19
Invok: Heroism           |       |       |       |     2 |     6 ||     8
       Finesse           |       |       |       |     2 |     2 ||     4
Evoke: Wand              |       |       |       |     4 |     4 ||     8
  Use: Potion            |       |     2 |     4 |    10 |    14 ||    30
       Scroll            |       |     2 |     7 |    11 |     8 ||    28
 Stab: Confused          |       |       |     1 |       |       ||     1
  Eat: Chunk             |       |     6 |     7 |    15 |    23 ||    51
       Fruit             |       |       |     1 |     5 |     2 ||     8
       Bread ration      |       |       |       |       |     1 ||     1
Armor: Leather armour    |    10 |     8 |       |       |       ||    18
       Plate armour      |       |    62 |   116 |   263 |   474 ||   915
Dodge: Dodged            |    29 |    69 |    69 |   235 |   378 ||   780
Block: Other             |       |       |    23 |    69 |   133 ||   225
